 Dungeon Crawl Stone Soup version 0.26.1-11-gd32895ea62 (console) character file.

Game seed: 3216002158760857508

20230 erker the Transmogrifier (level 12, -1/72 HPs)
             Began as an Octopode Transmuter on June 18, 2021.
             Was an Elder of Cheibriados.
             Slain by a wyvern (16 damage)
             ... on level 2 of the Lair of Beasts.
             The game lasted 02:00:59 (20239 turns).

erker the Transmogrifier (Octopode Transmuter)     Turns: 20239, Time: 02:01:00

Health: -1/72      AC:  2    Str: 23    XL:     12   Next: 77%
Magic:  5/21       EV: 17    Int: 35    God:    Cheibriados [****..]
Gold:   554        SH:  7    Dex: 28    Spells: 1/23 levels left

rFire    + . .     SeeInvis +   b - +2 dagger (venom)
rCold    . . .     Faith    .   J - +0 buckler
rNeg     + . .     Spirit   .   W - +1 hat {Will+}
rPois    .         Reflect  .   n - amulet of regeneration
rElec    .         Harm     .   f - ring of flight
rCorr    .         Rampage  .   l - ring of positive energy
Will     ++...                  t - ring of wizardry
Stlth    +++++.....             H - ring of wizardry
HPRegen  0.62/turn              O - ring of protection from fire
MPRegen  0.17/turn              P - ring of willpower
                                S - +6 ring of intelligence
                                V - +6 ring of dexterity

@: very slow
A: almost no armour, stealthy swim, amphibious, 8 rings, constrict 8, antennae
1, camouflage 1, see invisible, screaming 1, strong 1, gelatinous body 1
a: Renounce Religion, Evoke Flight, Bend Time, Temporal Distortion, Slouch


You were on level 2 of the Lair of Beasts.
You worshipped Cheibriados.
Cheibriados was greatly pleased with you.
You visited 3 branches of the dungeon, and saw 14 of its levels.
You also visited: Volcano.

You collected 867 gold pieces.
You spent 313 gold pieces at shops.

Inventory:

Hand Weapons
 b - a +2 dagger of venom (weapon)
 T - a +1 scimitar of flaming
Missiles
 w - 21 poisoned darts (quivered)
 U - a throwing net
 X - 7 curare-tipped darts
Armour
 J - a +0 buckler (worn)
 W - a +1 hat of willpower (worn)
Jewellery
 f - a ring of flight (left tentacle)
 l - a ring of positive energy (right tentacle)
 n - an amulet of regeneration (around mantle)
 t - a ring of wizardry (on tentacle)
 x - an uncursed amulet of reflection
 H - a ring of wizardry (on tentacle)
 O - a ring of protection from fire (on tentacle)
 P - a ring of willpower (on tentacle)
 S - a +6 ring of intelligence (on tentacle)
 V - a +6 ring of dexterity (on tentacle)
 Y - an uncursed amulet of magic regeneration
Wands
 p - a wand of polymorph (13)
 y - a wand of paralysis (16)
 C - a wand of acid (3)
 F - a wand of disintegration (1)
Scrolls
 a - a scroll of blinking
 c - a scroll of brand weapon {unknown}
 d - a scroll of fear
 e - 6 scrolls of remove curse
 k - 9 scrolls of teleportation {unknown}
 I - 7 scrolls of enchant weapon {unknown}
 Z - 2 scrolls of fog
Potions
 g - 2 potions of invisibility
 h - 5 potions of curing
 i - 2 potions of might
 j - 4 potions of resistance
Miscellaneous
 N - a condenser vane
 R - a tin of tremorstones (2/2)


   Skills:
 - Level 3.0 Fighting
 - Level 4.0 Short Blades
 - Level 4.0 Dodging
 + Level 6.3 Stealth
 - Level 4.0 Shields
 - Level 6.0 Unarmed Combat
 - Level 6.0 Spellcasting
 - Level 4.0 Hexes
 - Level 4.0 Summonings
 - Level 8.0 Transmutations
 - Level 8.0 Ice Magic
 - Level 6.0 Air Magic
 - Level 8.0 Earth Magic
 - Level 3.0 Poison Magic
 - Level 6.0 Invocations


You had one spell level left.
You knew the following spells:

 Your Spells              Type           Power        Failure   Level
a - Beastly Appendage     Tmut           100%         1%          1
b - Wereblood             Tmut           61%          1%          2
c - Sandblast             Erth           100%         1%          1
m - Mephitic Cloud        Conj/Pois/Air  31%          1%          3
p - Petrify               Tmut/Erth      61%          1%          4
v - Summon Mana Viper     Hex/Summ       38%          5%          5
w - Passwall              Tmut/Erth      50%          1%          2
y - Ice Form              Ice/Tmut       61%          1%          4

Your spell library contained the following spells:

 Spells                   Type           Power        Failure   Level
 Corona                   Hex            42%          1%          1
 Sting                    Tmut/Pois      100%         1%          1
 Summon Small Mammal      Summ           100%         1%          1
 Call Imp                 Summ           38%          1%          2
 Ensorcelled Hibernation  Hex/Ice        100%         1%          2
 Poisonous Vapours        Pois/Air       84%          1%          2
 Slow                     Hex            38%          1%          2
 Call Canine Familiar     Summ           38%          1%          3
 Confusing Touch          Hex            38%          1%          3
 Dazzling Flash           Conj/Hex       48%          1%          3
 Ignite Poison            Fire/Tmut/Pois 36%          1%          3
 Inner Flame              Hex/Fire       24%          1%          3
 Portal Projectile        Hex/Tloc       48%          1%          3
 Spider Form              Tmut/Pois      24%          1%          3
 Stone Arrow              Conj/Erth      76%          1%          3
 Summon Guardian Golem    Hex/Summ       38%          1%          3
 Tukima's Dance           Hex            38%          1%          3
 Cause Fear               Hex            19%          1%          4
 Leda's Liquefaction      Hex/Erth       25%          1%          4
 Summon Ice Beast         Ice/Summ       51%          1%          4
 Summon Lightning Spire   Summ/Air       45%          1%          4
 Blade Hands              Tmut           30%          1%          5
 Lee's Rapid Deconstruct  Erth           30%          1%          5
 Olgreb's Toxic Radiance  Pois           31%          3%          4
 Fulminant Prism          Conj/Hex       12%          4%          4
 Bolt of Magma            Conj/Fire/Erth 14%          10%         5
 Iskenderun's Battlesphe  Conj           10%          26%         5
 Iron Shot                Conj/Erth      19%          28%         6
 Spellforged Servitor     Conj/Summ      12%          96%         7
 Orb of Destruction       Conj           5%           99%         7


Dungeon Overview and Level Annotations

Branches:
Dungeon (11/15)            Temple (1/1) D:5            Lair (2/6) D:11
Volcano (visited)
  Swamp: Lair:2-4    Shoals: Lair:2-4     Snake: Lair:2-4    Spider: Lair:2-4
    Orc: D:9-12

Altars:
Ashenzari
Cheibriados
Dithmenos
Elyvilon
Fedhas
Gozag
Hepliaklqana
Kikubaaqudgha
Makhleb
Nemelex Xobeh
Okawaru
Qazlal
Ru
Sif Muna
Trog
Uskayaw
Vehumet
Wu Jian
Xom
Yredelemnul
Zin
The Shining One

Shops:
D:5 [   D:8 (**

Annotations:
D:8 exclusion: two-headed ogre
D:10 exclusions: electric eel and 1 more exclusion
Lair:1 1 runed translucent door, ZZKoverts's ghost, journeyman GnFi


Innate Abilities, Weirdness & Mutations

You cannot wear most types of armour.
You are very stealthy in the water. (Stealth+)
You are amphibious.
You can wear up to eight rings at the same time.
You can use your tentacles to constrict eight enemies at once.
Your skin changes colour to match your surroundings (Stealth+).
Your rubbery body absorbs attacks. (AC +1, EV +1)
You have a pair of small antennae on your head.
You have supernaturally acute eyesight. (SInv)
You occasionally shout uncontrollably at your foes.
Your muscles are strong. (Str +2)


Message History

A mana viper appears with a sibilant hiss.
You block the wyvern's attack. The wyvern misses you.
Casting: Summon Mana Viper (dangerous; 5% risk of failure)
Confirm with . or Enter, or press ? or * to list all spells.
Aiming: Petrify (safe; 1% risk of failure)
Press: ? - help, Shift-Dir - straight line, f/p - seven-headed hydra
Aim: a seven-headed hydra (heavily wounded, chance to affect: 43%)
The seven-headed hydra is moving more slowly.
The wyvern bites you!
* * * LOW HITPOINT WARNING * * *
Your mana viper bites the wyvern!
The wyvern completely misses you.
Your mana viper closely misses the wyvern.
The seven-headed hydra completely misses your mana viper.
The seven-headed hydra bites your mana viper!
The seven-headed hydra completely misses your mana viper.
The seven-headed hydra misses your mana viper.
The seven-headed hydra closely misses your mana viper. x2
The seven-headed hydra bites your mana viper!
The wyvern bites you!
You die...

##.#........≈≈≈≈≈..#.P..
##.###......≈...........
#..###......≈≈≈≈........
#P.#≈#..........<.......
##.#≈#...............(..
#P..≈...................
##..≈...................
##.≈...l.D.............
##≈#..@S............P.
#≈#................#.
#≈##................
#####............
##.#..P..#.........
#.#................
###............[!.≈
#.....)...........
##................


You could see a seven-headed hydra (petrifying), a wyvern and a friendly mana
viper (summoned).

Vanquished Creatures
  Gastronok (D:10)
  Harold (D:10)
  2 hydras (Lair:1)
  Erica (D:10)
  Sonja (D:11)
  An ugly thing (D:11)
  A manticore (D:11)
  A centaur zombie (D:10)
  2 cane toads (Lair:1)
  A kobold demonologist (D:11)
  2 komodo dragons (Lair:1)
  A red devil (Volcano)
  A polar bear (Lair:1)
  2 trolls (D:9)
  A hornet (D:8)
  A meliai zombie (D:11)
  Sigmund (D:5)
  20 yaks
  10 fire bats (Volcano)
  A wyvern (D:10)
  A basilisk (Lair:1)
  Edmund (D:5)
  2 wargs (D:11)
  An acid dragon (D:11)
  2 water moccasins
  5 orc warriors
  3 sky beasts
  3 ice beasts
  3 phantoms
  6 ogres
  2 black bears
  An eye of draining (D:8)
  A wolf (Lair:1)
  2 centaurs
  The ghost of PanSaczeczos the Skirmisher, an amateur KoAK of Lugonu (D:3)
  3 big kobolds
  9 bullfrogs
  4 scorpions
  3 howler monkeys
  3 bullfrog zombies
  5 lava snakes (Volcano)
  2 quasits
  6 orc priests
  A bullfrog skeleton (D:10)
  6 hounds
  4 jellies
  11 orc wizards
  A centaur skeleton (D:4)
  2 iguanas
  Ijyb (D:5)
  Natasha (thrice) (D:4)
  7 worker ants
  A hound skeleton (D:10)
  A mummy (D:8)
  A howler monkey zombie (D:6)
  Robin (D:2)
  4 gnolls (D:9)
  A howler monkey skeleton (D:9)
  7 adders
  A shadow imp (D:5)
  4 white imps
  5 ufetubi
  An adder zombie (D:5)
  3 worms
  3 dart slugs
  7 leopard geckos
  33 orcs
  2 ball pythons
  3 giant cockroaches
  17 goblins
  9 hobgoblins
  10 jackals
  4 quokkas
  6 bats
  A frilled lizard (D:1)
  20 kobolds
  A leopard gecko skeleton (D:8)
  A quokka zombie (D:8)
  9 rats
313 creatures vanquished.

Vanquished Creatures (collateral kills)
  An orc sorcerer (Volcano)
  A smoke demon (Volcano)
  A red devil (Volcano)
  6 yaks (Lair:1)
  A hell hound (Volcano)
  A water moccasin (Lair:1)
  3 wolves (Lair:1)
  A lava snake (Volcano)
15 creatures vanquished.

Vanquished Creatures (others)
  A fungus (Lair:1)
  2 plants
3 creatures vanquished.

Grand Total: 331 creatures vanquished

Notes
Turn   | Place    | Note
-------+----------+-------------------------------------------
     0 | D:1      | erker the Octopode Transmuter began the quest for the Orb.
     0 | D:1      | Reached XP level 1. HP: 13/13 MP: 3/3
   227 | D:1      | Reached XP level 2. HP: 19/19 MP: 5/5
   828 | D:1      | Reached XP level 3. HP: 23/25 MP: 6/6
  1840 | D:2      | Found a basalt altar of Yredelemnul.
  1853 | D:2      | Reached XP level 4. HP: 31/31 MP: 5/7
  1974 | D:2      | Noticed Robin
  2148 | D:1      | Learned a level 4 spell: Ice Form
  2284 | D:2      | Killed Robin
  2589 | D:3      | Found a large runed translucent door.
  2589 | D:3      | Found a large runed translucent door.
  2680 | D:3      | Reached skill level 1 in Ice Magic
  2763 | D:3      | Found a shimmering altar of Xom.
  2893 | D:3      | Reached XP level 5. HP: 34/36 MP: 8/8
  2944 | D:3      | Found a hide-covered altar of Uskayaw.
  3661 | D:3      | Noticed PanSaczeczos's ghost (amateur KoAK)
  3678 | D:4      | Noticed a phantom
  3753 | D:4      | Killed a phantom
  3754 | D:4      | Reached XP level 6. HP: 29/42 MP: 9/9
  3926 | D:4      | Reached skill level 5 in Transmutations
  4457 | D:4      | Noticed Natasha
  4466 | D:4      | Killed Natasha
  4655 | D:4      | Noticed Natasha
  4669 | D:4      | Killed Natasha
  4670 | D:4      | Reached XP level 7. HP: 44/46 MP: 10/10
  5147 | D:4      | Noticed Natasha
  5157 | D:4      | Killed Natasha
  5333 | D:4      | Found a shimmering blue altar of Sif Muna.
  5602 | D:5      | Entered Level 5 of the Dungeon
  5602 | D:5      | Found a staircase to the Ecumenical Temple.
  5613 | Temple   | Entered the Ecumenical Temple
  5848 | D:5      | Noticed Ijyb
  5974 | D:5      | Found Suacwuqe's Antique Armour Shoppe.
  6159 | D:5      | Reached skill level 5 in Ice Magic
  6404 | D:5      | Reached XP level 8. HP: 52/52 MP: 6/11
  6586 | D:5      | Noticed Sigmund
  6599 | D:5      | Killed Sigmund
  6654 | D:5      | Noticed Edmund
  6680 | D:5      | Killed Edmund
  6681 | D:5      | Reached skill level 5 in Unarmed Combat
  6946 | D:5      | Killed Ijyb
  7302 | D:5      | Learned a level 2 spell: Wereblood
  7614 | D:6      | Found the +8 Wrath of Trog {antimagic, *Rage}
  7738 | D:6      | Found a broken altar of Ashenzari.
  7786 | D:6      | Reached XP level 9. HP: 50/56 MP: 8/12
  8198 | D:6      | Reached skill level 1 in Shields
  9023 | D:7      | Learned a level 1 spell: Sandblast
  9026 | D:7      | Learned a level 2 spell: Passwall
 10125 | D:7      | Reached skill level 5 in Earth Magic
 10836 | D:7      | Reached XP level 10. HP: 63/63 MP: 8/13
 11097 | D:7      | Found a sparkling altar of Nemelex Xobeh.
 11501 | D:3      | Killed PanSaczeczos's ghost
 11650 | D:8      | Found a blossoming altar of Fedhas.
 11650 | D:8      | Found an iron altar of Okawaru.
 11855 | D:8      | Found Hueha's General Store.
 11863 | D:8      | Bought a potion of lignification for 39 gold pieces
 11863 | D:8      | Bought a potion of berserk rage for 65 gold pieces
 11863 | D:8      | Bought a scroll of remove curse for 39 gold pieces
 11922 | D:8      | Found a snail-covered altar of Cheibriados.
 11930 | D:8      | Became a worshipper of Cheibriados the Contemplative
 12017 | D:8      | Found Amil's Assorted Antiques.
 12025 | D:8      | Bought a knobbly steel ring for 170 gold pieces
 12165 | D:8      | Noticed a two-headed ogre
 12177 | D:8      | Found Rajov's Antique Weapon Boutique.
 12384 | D:8      | Learned a level 4 spell: Petrify
 12422 | D:8      | Paralysed by a hornet for 1 turns
 12915 | D:9      | Reached * piety under Cheibriados
 13114 | D:9      | Found a glowing golden altar of the Shining One.
 13658 | D:9      | Found a glowing silver altar of Zin.
 13696 | D:9      | Learned a level 3 spell: Mephitic Cloud
 14007 | D:10     | Entered Level 10 of the Dungeon
 14010 | D:10     | Found a glowing golden altar of the Shining One.
 14156 | D:10     | Reached skill level 1 in Poison Magic
 14162 | D:10     | Reached skill level 1 in Air Magic
 14170 | D:10     | Noticed Erica
 14181 | D:10     | Killed Erica
 14225 | D:10     | Noticed Harold
 14263 | D:10     | Reached XP level 11. HP: 24/67 MP: 3/17
 14264 | D:10     | Killed Harold
 14265 | D:10     | Reached skill level 5 in Air Magic
 14278 | D:10     | Reached ** piety under Cheibriados
 15063 | D:10     | Noticed Gastronok
 15494 | D:10     | Killed Gastronok
 15711 | D:11     | Noticed Sonja
 15725 | D:11     | Killed Sonja
 15910 | D:11     | Reached skill level 5 in Stealth
 16022 | D:11     | Noticed a manticore
 16037 | D:11     | Killed a manticore
 16430 | D:11     | Reached *** piety under Cheibriados
 16725 | D:11     | Identified Cenlejog's Papyrus of the Oath
 16970 | D:11     | Noticed a brown ugly thing
 16978 | D:11     | Killed a brown ugly thing
 17081 | D:11     | Found a staircase to the Lair.
 17124 | D:11     | Reached skill level 5 in Spellcasting
 17132 | D:11     | Reached XP level 12. HP: 34/72 MP: 10/19
 17170 | D:11     | Learned a level 5 spell: Summon Mana Viper
 17386 | Lair:1   | Entered Level 1 of the Lair of Beasts
 17402 | Lair:1   | Found a dark tunnel.
 17410 | Volcano  | Entered a volcano
 17450 | Volcano  | Reached skill level 1 in Hexes
 17450 | Volcano  | Reached skill level 1 in Summonings
 17720 | Volcano  | Reached **** piety under Cheibriados
 17752 | Volcano  | Gained mutation: Your muscles are strong. (Str +2) [potion
                  | of mutation]
 17752 | Volcano  | Gained mutation: You occasionally shout uncontrollably at
                  | your foes. [potion of mutation]
 17752 | Volcano  | Gained mutation: You have supernaturally acute eyesight.
                  | (SInv) [potion of mutation]
 17752 | Volcano  | Gained mutation: You have a pair of small antennae on your
                  | head. [potion of mutation]
 18351 | Volcano  | Found a bloodstained altar of Trog.
 18460 | Lair:1   | Noticed a seven-headed hydra
 18471 | Lair:1   | Killed a seven-headed hydra
 18592 | Lair:1   | Noticed an eight-headed hydra
 18609 | Lair:1   | Reached skill level 5 in Invocations
 18625 | Lair:1   | Found a runed translucent door.
 18794 | Lair:1   | Noticed ZZKoverts's ghost (journeyman GnFi)
 18803 | Lair:1   | Killed an eight-headed hydra
 19510 | Lair:1   | Reached ***** piety under Cheibriados
 20217 | Lair:2   | Noticed a seven-headed hydra
 20239 | Lair:2   | Slain by a wyvern

Illustrated notes

Levels and vault maps discovered:
D:1:      dpeg_arrival_morbid_curiosity, layout_basic
D:2:      layout_basic, yredelemnul_altar_generic, uniq_robin
D:3:      layout_rooms, old_standard_altar, lemuel_round_altar,
          ebering_ghost_disaster_area, minmay_misc_feat_secret_circle,
          hangedman_feature_mirror
D:4:      layout_basic, kennysheep_little_box, uniq_natasha
D:5:      layout_loops_ring, minmay_temple_entry_drinking_statues, serial_shops,
          shop_fountains, st_stairs_3, sigmund_edmund_badplayer, uniq_ijyb
D:6:      layout_loops_ring, ashenzari_altar_1
D:7:      layout_loops_cross, nemelex_xobeh_ov_fountains_minmay,
          minmay_misc_feat_pillars
D:8:      layout_gridville, overflow_temple_1_default, general_overflow_altar,
          slow_altar_1, serial_shops, shop, shop, nicolae_shop_stone,
          eino_small_chamber_without_monster
D:9:      layout_irregular_city, lemuel_doored_altar,
          nicolae_tso_swordbearing_angel
D:10:     minmay_skewed_foursquare, layout_basic, orc_0_dummy, basic_altar,
          uniq_harold, uniq_gastronok, uniq_erica
D:11:     layout_rooms, erik_lair_orcish_takeover,
          nicolae_straight_to_the_point, uniq_sonja
Temple:   minmay_temple_bridge_abc
Lair:1:   layout_regular_city, nicolae_volcano_entry_hallway,
          ebering_ghost_reflecting_pool, minivault_24, lemuel_fruit_tree
Lair:2:   layout_gridlike, swamp_mist, minmay_snake_entry_guardpost_medium,
          serial_rivers, chequers_serial_rivers_micro_e,
          chequers_serial_rivers_micro_e, chequers_serial_rivers_room_a,
          chequers_serial_rivers_micro_a, chequers_serial_rivers_small_b,
          chequers_serial_rivers_micro_d, grunt_forest_large_clearings,
          uniq_fannar

Skill      XL: |  1  2  3  4  5  6  7  8  9 10 11 12 |
---------------+-------------------------------------+-----
Fighting       | 2 3 |  3.0
Transmutations | 3 4 5 6 7 8 |  8.0
Ice Magic      | 1 2 3 5 6 8 |  8.0
Unarmed Combat | 6 |  6.0
Dodging        | 4 |  4.0
Stealth        | 3 6 |  6.3
Shields        | 4 |  4.0
Earth Magic    | 6 7 8 |  8.0
Short Blades   | 2 4 |  4.0
Spellcasting   | 4 5 6 |  6.0
Poison Magic   | 3 |  3.0
Air Magic      | 4 5 6 |  6.0
Invocations    | 4 6 |  6.0
Hexes          | 4 |  4.0
Summonings     | 4 |  4.0

Action                   |  1- 3 |  4- 6 |  7- 9 | 10-12 || total
-------------------------+-------+-------+-------+-------++-------
Melee: Unarmed           |   100 |   140 |   185 |   246 ||   671
       Constrict         |    29 |    33 |    20 |    44 ||   126
       Tentacles         |    20 |    16 |    18 |    65 ||   119
       Kick              |    12 |    25 |    13 |     5 ||    55
       Punch             |       |     2 |       |    10 ||    12
       Dagger            |       |    12 |   100 |   190 ||   302
Throw: Dart              |       |       |       |     4 ||     4
 Cast: Beastly Appendage |    16 |    17 |    12 |     5 ||    50
       Ice Form          |       |     2 |    20 |    30 ||    52
       Wereblood         |       |       |     1 |       ||     1
       Passwall          |       |       |     8 |    31 ||    39
       Mephitic Cloud    |       |       |       |    18 ||    18
       Petrify           |       |       |       |    22 ||    22
       Summon Mana Viper |       |       |       |    13 ||    13
 Abil: End Transformatio |       |       |       |     1 ||     1
Evoke: Wand              |       |       |     2 |     4 ||     6
  Use: Potion            |       |     1 |       |     5 ||     6
       Scroll            |       |       |     4 |    12 ||    16
 Stab: Sleeping          |     7 |     4 |     3 |    16 ||    30
       Distracted        |       |     1 |       |     6 ||     7
       Confused          |       |       |       |    13 ||    13
       Petrified         |       |       |       |    13 ||    13
       Petrifying        |       |       |       |     3 ||     3
Armor: Skin              |    10 |     3 |    64 |    78 ||   155
Dodge: Dodged            |    61 |    57 |   157 |   200 ||   475
Block: Other             |    13 |    18 |    71 |    58 ||   160
       Reflection        |       |       |     1 |    12 ||    13
       Buckler           |       |       |       |    84 ||    84
